 Dungeon Crawl Stone Soup version 0.27.1 (webtiles) character file.

Game seed: 15621056271698596762

2328 ZARRMARR the Eclecticist (level 9, -4/45 HPs)
             Began as a Deep Elf Earth Elementalist on Aug 30, 2021.
             Was an Initiate of Sif Muna.
             Slain by a vampire mosquito (8 damage)
             ... on level 8 of the Dungeon.
             The game lasted 00:47:04 (16006 turns).

ZARRMARR the Eclecticist (DEEE)                    Turns: 16006, Time: 00:47:05

Health: -4/45      AC:  9    Str:  5    XL:     9   Next: 19%
Magic:  20/30      EV: 12    Int: 24    God:    Sif Muna [......]
Gold:   565        SH:  0    Dex: 15    Spells: 32/38 levels left

rFire    . . .     SeeInvis +   (no weapon)
rCold    . . .     Faith    +   (no shield)
rNeg     . . .     Spirit   .   b - +0 robe
rPois    .         Reflect  .   c - +0 helmet
rElec    .         Harm     .   (no cloak)
rCorr    .         Rampage  .   m - +0 pair of gloves
Will     .....                  n - +0 pair of boots
Stlth    ++........             j - amulet of faith
HPRegen  0.15/turn              o - +4 ring of protection
MPRegen  0.22/turn              H - ring of see invisible

@: no status effects
A: no striking features
a: Renounce Religion


You were on level 8 of the Dungeon.
You worshipped Sif Muna.
Sif Muna was noncommittal.
You visited 2 branches of the dungeon, and saw 9 of its levels.
You also visited: Ossuary.

You collected 565 gold pieces.

Inventory:

Missiles
 k - 5 boomerangs
 r - 121 arrows
 t - 4 throwing nets
 y - 11 poisoned darts (quivered)
 F - 10 stones
Armour
 b - a +0 robe (worn)
 c - a +0 helmet (worn)
 m - a +0 pair of gloves (worn)
 n - a +0 pair of boots (worn)
Jewellery
 j - an amulet of faith (around neck)
 o - a +4 ring of protection (left hand)
 H - a ring of see invisible (right hand)
 K - a ring of ice
Wands
 l - a wand of flame (18)
 p - a wand of iceblast (16)
 w - a wand of mindburst (11)
Scrolls
 e - a scroll of vulnerability
 q - a scroll of brand weapon
 s - a scroll of immolation {unknown}
 v - a scroll of enchant armour {unknown}
 x - a scroll of blinking
 z - 2 scrolls of magic mapping
 A - 2 scrolls of enchant weapon
 E - 2 scrolls of fog {unknown}
 G - 2 scrolls of fear {unknown}
 I - a scroll of summoning {unknown}
 J - a scroll of noise {unknown}
Potions
 a - 2 potions of brilliance
 d - 6 potions of heal wounds {unknown}
 f - a potion of lignification {unknown}
 g - 2 potions of curing {unknown}
 h - 3 potions of degeneration {unknown}
 B - a potion of haste {unknown}
 C - 2 potions of magic {unknown}
 D - 2 potions of berserk rage {unknown}


   Skills:
 - Level 2.4 Dodging
 - Level 2.4 Stealth
 + Level 15.3 Spellcasting
 - Level 1.1 Transmutations
 - Level 3.2 Earth Magic


You had 32 spell levels left.
You knew the following spells:

 Your Spells              Type           Power      Damage    Failure   Level
a - Sandblast             Erth           68%        2d15      1%          1
b - Stone Arrow           Conj/Erth      52%        3d10      4%          3
c - Passwall              Tmut/Erth      23%        N/A       1%          2

Your spell library contained the following spells:

 Spells                   Type           Power      Damage    Failure   Level
 Animate Skeleton         Necr           36%        N/A       3%          1
 Apportation              Tloc           36%        N/A       3%          1
 Corona                   Hex            20%        N/A       3%          1
 Foxfire                  Conj/Fire      72%        2x1d7     3%          1
 Pain                     Necr           72%        1d7       3%          1
 Summon Small Mammal      Summ           72%        N/A       3%          1
 Slow                     Hex            18%        N/A       4%          2
 Confusing Touch          Hex            18%        N/A       10%         3
 Conjure Flame            Conj/Fire      18%        6-21      10%         3
 Inner Flame              Hex/Fire       18%        N/A       10%         3
 Ozocubu's Armour         Ice            18%        N/A       10%         3
 Vampiric Draining        Necr           9%         2d7       10%         3
 Petrify                  Tmut/Erth      28%        N/A       12%         4
 Agony                    Necr           18%        N/A       65%         5
 Excruciating Wounds      Necr           9%         N/A       65%         5
 Metabolic Englaciation   Hex/Ice        9%         N/A       65%         5
 Simulacrum               Ice/Necr       9%         N/A       99%         6


Dungeon Overview and Level Annotations

Branches:
Dungeon (8/15)             Temple (1/1) D:5         Ossuary (visited)
   Lair: D:8-11

Altars:
Ashenzari
Cheibriados
Dithmenos
Elyvilon
Gozag
Kikubaaqudgha
Makhleb
Nemelex Xobeh
Okawaru
Qazlal
Ru
Sif Muna
Trog
Uskayaw
Vehumet
Wu Jian
Xom
Yredelemnul
Zin
The Shining One

Shops:
D:5 [   D:8 !


Message History

Press: ? - help, Shift-Dir - straight line, f/p - orc priest
Aim: an orc priest, wielding a +0 whip of holy wrath and wearing a +0 chain mail (almost dead, 87% to hit)
The blast of sand hits the orc priest but does no damage.
The orc priest is almost dead.
F - 11 stones An orc wizard comes into view.
It is wielding a +0 dagger. x2
Casting: Sandblast (safe; 1% risk of failure)
Confirm with . or Enter, or press ? or * to list all spells.
Aiming: Sandblast (safe; 1% risk of failure)
Press: ? - help, Shift-Dir - straight line, f/p - orc priest
Aim: an orc priest, wielding a +0 whip of holy wrath and wearing a +0 chain mail (almost dead, 87% to hit)
The blast of sand hits the orc priest!
You kill the orc priest!
Sif Muna accepts your kill.
F - 10 stones Blink to where?
Press: ? - help, Dir - move target
As you read the scroll of blinking, it crumbles to dust.
You now have 565 gold pieces (gained 11).
A killer bee comes into view.
As you read the scroll of teleportation, it crumbles to dust.
You feel strangely unstable.
A killer bee comes into view.
The sentinel's mark upon you fades away.
The orc wizard gestures wildly while chanting.
The orc wizard flickers and vanishes for a moment.
The killer bee misses you.
Your surroundings suddenly seem different.
An orc comes into view. It is wielding a staff of air.
The centaur shoots an arrow.
The arrow closely misses you.
The centaur shoots an arrow.
The arrow hits you.
* * * LOW HITPOINT WARNING * * *
The vampire mosquito buzzes angrily.
The vampire mosquito bites you.
* * * LOW HITPOINT WARNING * * *
The vampire mosquito draws strength from your injuries!
The vampire mosquito bites you but does no damage.
There is a stone staircase leading up here.
The vampire mosquito bites you!
You die...

# ##....###.##.###.#####
#####.#.###....# #.....#
##.......##.##c###.###.#
...##.#..##.##.....#
.#.##.#..##)##.#.#.###.##.
.........oo.o...#.........
###...##.##.##.#.#.###.###
#.#.#)#..##.##.y>..#
#.#......##.####@..#
..)..)#..##.. ###.#
#.##.....#### #.#
...#.###...# #.#
......[#.#.## #.[
...#.###..... .. #
#.##......####..
......#...####. # #
#.#........#... .##(#


You could see a vampire mosquito and an orc priest.

Vanquished Creatures
  2 black bears
  2 ogres
  2 centaurs
  A kobold brigand (D:8)
  A bullfrog (D:7)
  9 scorpions
  5 wights (D:7)
  2 hounds
  5 centaur zombies
  A jelly (D:8)
  4 orc priests
  3 human zombies (Ossuary)
  2 iguanas
  3 scorpion zombies (Ossuary)
  An orc wizard (D:5)
  4 mummies
  A howler monkey zombie (D:5)
  3 gnolls (D:4)
  3 howler monkey skeletons
  6 adders
  2 white imps
  3 worms
  A dart slug (D:5)
  27 orcs
  10 bats
  6 endoplasms
  3 giant cockroaches
  2 gnoll zombies (Ossuary)
  6 goblins
  10 hobgoblins
  9 jackals
  7 quokkas
  6 ball pythons
  5 frilled lizards
  5 goblin zombies (Ossuary)
  2 hobgoblin zombies (Ossuary)
  5 kobolds
  2 kobold zombies (Ossuary)
  5 rats
  3 bushes (D:4)
179 creatures vanquished.

Vanquished Creatures (others)
  A human (D:6)
  3 plants (D:4)
4 creatures vanquished.

Grand Total: 183 creatures vanquished

Notes
Turn   | Place    | Note
-------+----------+-------------------------------------------
     0 | D:1      | ZARRMARR the Deep Elf Earth Elementalist began the quest
                  | for the Orb.
     0 | D:1      | Reached XP level 1. HP: 10/10 MP: 6/6
   202 | D:1      | Reached skill level 4 in Spellcasting
   202 | D:1      | Reached XP level 2. HP: 15/15 MP: 6/9
   647 | D:1      | Reached XP level 3. HP: 13/19 MP: 0/11
   952 | D:1      | Reached skill level 5 in Spellcasting
  1403 | D:2      | Found a faded altar of an unknown god.
  2551 | D:3      | Found a burning altar of Makhleb.
  2562 | D:3      | Noticed a blizzard demon
  2596 | D:3      | Reached XP level 4. HP: 24/24 MP: 9/13
  2632 | D:3      | Reached skill level 6 in Spellcasting
  2920 | D:3      | Learned a level 3 spell: Stone Arrow
  3563 | D:3      | Reached skill level 7 in Spellcasting
  3732 | D:3      | Reached XP level 5. HP: 28/28 MP: 9/16
  3943 | D:3      | Learned a level 2 spell: Passwall
  4475 | D:4      | Noticed an ogre
  4489 | D:4      | Reached skill level 8 in Spellcasting
  4721 | D:4      | Reached XP level 6. HP: 32/32 MP: 13/19
  5302 | D:4      | Reached skill level 9 in Spellcasting
 11197 | D:5      | Entered Level 5 of the Dungeon
 11310 | D:5      | Reached skill level 10 in Spellcasting
 11421 | D:5      | Reached XP level 7. HP: 36/36 MP: 12/22
 11574 | D:5      | Found a staircase to the Ecumenical Temple.
 11597 | Temple   | Entered the Ecumenical Temple
 11696 | Temple   | Became a worshipper of Ru the Awakened
 12322 | D:5      | Found Paheleoss's Armour Shop.
 12686 | D:6      | Found an ancient bone altar of Kikubaaqudgha.
 12686 | D:6      | Noticed a human
 12695 | D:6      | Killed a human
 12853 | D:6      | Found a sand-covered staircase.
 12862 | Ossuary  | Entered an ossuary
 12879 | Ossuary  | Reached skill level 11 in Spellcasting
 13152 | Ossuary  | Reached skill level 12 in Spellcasting
 13158 | Ossuary  | Reached XP level 8. HP: 28/41 MP: 11/26
 13733 | Ossuary  | Reached skill level 13 in Spellcasting
 14279 | D:6      | Reached skill level 14 in Spellcasting
 15002 | D:7      | Found an opulent altar of Gozag.
 15220 | D:7      | Found a shimmering blue altar of Sif Muna.
 15359 | D:7      | Fell from the grace of Ru
 15359 | D:7      | Became a worshipper of Sif Muna the Loreminder
 15448 | D:7      | Reached XP level 9. HP: 45/45 MP: 25/29
 15733 | D:8      | Reached skill level 15 in Spellcasting
 15990 | D:8      | Found Woruamiso's Distillery.
 16006 | D:8      | Slain by a vampire mosquito

Illustrated notes

Levels and vault maps discovered:
D:1:      nicolae_arrival_washed_ashore, layout_basic, grunt_decor_mini_mirrors
D:2:      layout_basic, dreamdust_ecumenical_altar_angels_and_demons
D:3:      layout_loops_ring, makhleb_altar_promises_db,
          hangedman_abyss_or_decor_lesser_grid, minmay_circle_x
D:4:      layout_basic, serial_forest, infiniplex_forest_lined_1,
          infiniplex_forest_end_2, infiniplex_forest_fountain,
          infiniplex_forest_end_3, infiniplex_forest_end_3, minmay_mini_jars
D:5:      layout_gridville, minmay_temple_entry_hall, serial_shops, shop_statue
D:6:      layout_cave_pools, tgw_kikubaaqudgha, gup_ossuary_entry_pyramid,
          serial_co_window_serial, co_window_corner_a, co_window_corner_a,
          co_window_paths_b, co_window_paths_a, co_window_paths_b,
          co_window_unsneaky_path_e, co_window_paths_c, co_window_corner_cb,
          co_window_2corner, co_window_cross_2, co_window_corner_cb,
          co_window_of_opportunity_b, glass_columns_a
D:7:      layout_loops_cross, nicolae_gozag_cash_rules_everything_around_me,
          mainiacjoe_overflow_brackets
D:8:      minmay_bloctagon_deflated, layout_loops_ring, serial_shops, shop,
          minmay_misc_feat_square, minmay_fractal_squares_5
Temple:   lightli_temple_of_artemis

Skill      XL: |  1  2  3  4  5  6  7  8  9 |
---------------+----------------------------+-----
Spellcasting   | 4 5 7 8 10 12 14 15 | 15.3
Dodging        | |  2.4
Stealth        | |  2.4
Transmutations | |  1.1
Earth Magic    | |  3.2

Action                   |  1- 3 |  4- 6 |  7- 9 || total
-------------------------+-------+-------+-------++-------
Melee: Unarmed           |     1 |  3927 |    28 ||  3956
Throw: Boomerang         |       |    22 |    21 ||    43
       Dart              |       |       |    23 ||    23
 Cast: Sandblast         |    79 |    59 |    95 ||   233
       Stone Arrow       |       |    46 |    71 ||   117
  Use: Scroll            |     2 |       |     9 ||    11
Armor: Robe              |     2 |    15 |    34 ||    51
Dodge: Dodged            |    20 |    30 |    48 ||    98
